 Dungeon Crawl Stone Soup version 0.21.0-24-g2553a33 (webtiles) character file.

6256 loralnil the Protected (level 10, -2/66 HPs)
             Began as a Gargoyle Fighter on Jan 20, 2018.
             Was a Believer of the Shining One.
             Killed from afar by an efreet (6 damage)
             ... with a fireball
             ... on level 9 of the Dungeon.
             The game lasted 00:18:25 (8305 turns).

loralnil the Protected (Gargoyle Fighter)           Turns: 8305, Time: 00:18:26

Health: -2/66      AC: 14    Str: 23    XL:     10   Next: 93%
Magic:  0/10       EV:  9    Int:  9    God:    the Shining One [**....]
Gold:   433        SH: 11    Dex:  9    Spells: 9/9 levels left

rFire    + . .     SeeInvis .   a - +2 flail
rCold    . . .     Gourm    .   c - +0 shield
rNeg     + + .     Faith    .   z - +0 ring mail {rC+}
rPois    ∞         Spirit   +   (no helmet)
rElec    +         Reflect  .   (no cloak)
rCorr    .         Harm     .   (no gloves)
MR       .....                  (no boots)
Stlth    ..........             p - amulet of guardian spirit
HPRegen  0.21/turn              g - ring of fire
MPRegen  0.12/turn              E - +2 ring of slaying

@: hasted, glowing, very quick
A: negative energy resistance 1, electricity resistance, unbreathing,
petrification resistance, rot immunity, AC +7
a: Divine Shield, Renounce Religion


You were on level 9 of the Dungeon.
You worshipped the Shining One.
The Shining One was pleased with you.
You were hungry.

You visited 2 branches of the dungeon, and saw 11 of its levels.
You also visited: Ossuary.

You collected 433 gold pieces.

Inventory:

Hand Weapons
 a - a +2 flail (weapon)
Armour
 c - a +0 shield (worn)
 z - a +0 ring mail of cold resistance (worn)
Jewellery
 g - a ring of fire (left hand)
 m - a +3 ring of intelligence
 p - an amulet of guardian spirit (around neck)
 y - an uncursed ring of resist corrosion
 D - an uncursed ring of positive energy
 E - a +2 ring of slaying (right hand)
 F - an uncursed ring of fire
Scrolls
 b - 2 scrolls of teleportation {unknown}
 h - 3 scrolls of amnesia {unknown}
 l - a scroll of random uselessness {unknown}
 q - 4 scrolls of remove curse
 r - 2 scrolls of magic mapping {unknown}
 s - 2 scrolls of immolation {unknown}
 t - 3 scrolls of enchant armour {unknown}
 w - a scroll of fear
 B - a scroll of acquirement {unknown}
 C - a scroll of summoning {unknown}
Potions
 d - a potion of might
 e - a potion of flight
 j - 2 potions of berserk rage
 k - 10 potions of curing
 n - 2 potions of haste
 o - 6 potions of lignification
 v - a potion of invisibility
 x - 3 potions of brilliance {unknown}
 A - a potion of agility {unknown}
Comestibles
 f - 14 rations
 u - 2 chunks of flesh


   Skills:
 + Level 9.5 Fighting
 + Level 8.4 Maces & Flails
 + Level 9.5 Armour
 + Level 9.4 Shields


You had 9 spell levels left.
You didn't know any spells.

Dungeon Overview and Level Annotations

Branches:
Dungeon (10/15)            Temple (1/1) D:5            Lair (0/6) D:8
    Orc: D:9-12

Altars:
Ashenzari
Cheibriados
Dithmenos
Elyvilon
Fedhas
Gozag
Hepliaklqana
Kikubaaqudgha
Makhleb
Nemelex Xobeh
Okawaru
Qazlal
Ru
Sif Muna
Trog
Uskayaw
Vehumet
Wu Jian
Xom
Yredelemnul
Zin
The Shining One

Shops:
D:8 %


Innate Abilities, Weirdness & Mutations

You are resistant to torment.
Your stone body is resilient. (AC +7)
You are immune to poison.
You resist negative energy. (rN+)
You are resistant to electric shocks. (rElec)
You can survive without breathing.
You are immune to petrification.
You are immune to rotting.


Message History

The two-headed ogre hits you but does no damage.
The two-headed ogre hits you with a giant spiked club!
The efreet gestures at you.
The fireball explodes!
The fireball engulfs you!
* * * LOW HITPOINT WARNING * * *
The fireball engulfs the efreet.
The efreet completely resists.
The efreet gestures at you.
The fireball explodes!
The fireball engulfs you! The Shining One protects you from harm!
Put on which piece of jewellery? (? for menu, Esc to quit)
You're wearing all the rings you can.
Remove which one? (? for menu, Esc to cancel) < or
y - a ring of resist corrosion; > or
E - a +2 ring of slaying You remove your ring of resist corrosion.
You feel more attuned to fire.
g - a ring of fire (left hand)
You are feeling hungry.
The efreet gestures at you.
The fireball explodes!
The fireball engulfs you! You resist.
You die...

##..........############......
#.O........############.P≈≈≈♣
##.....§................P≈.≈≈≈
.........§...............≈≈≈≈≈≈
.........§.............#♣≈≈≈≈≈≈
########O§##########.....P≈≈≈≈≈
#§.# #.....≈.≈≈P≈
#####OR##########...#P≈≈≈≈≈P
............@..)......P≈.≈≈≈≈
.......................≈..≈.≈
.......................P.≈≈P.
########.######..........PP..
#.# #.............. ..#
#.............. ####
###############


You could see a two-headed ogre and an efreet.

Vanquished Creatures
  2 two-headed ogres
  An unseen horror (D:10)
  3 hippogriffs
  A wyvern (D:9)
  The ghost of Tovarisch the Shooter, an amateur CeHu of Okawaru (D:3)
  2 orc warriors
  An ice beast (D:5)
  2 sky beasts
  3 ogres
  A phantom (D:9)
  3 centaurs
  A bullfrog (D:8)
  A wyvern zombie (Ossuary)
  A water moccasin zombie (Ossuary)
  2 scorpions
  4 killer bees (D:8)
  A howler monkey (D:7)
  7 electric eels (D:9)
  5 crimson imps
  A bullfrog zombie (Ossuary)
  3 centaur zombies (Ossuary)
  6 orc priests
  7 hounds
  3 jellies
  A bullfrog skeleton (D:7)
  10 orc wizards
  2 centaur skeletons (D:6)
  Jessica (D:2)
  An iguana (D:9)
  4 worker ants
  6 hound zombies
  A hound skeleton (D:3)
  6 mummies
  5 worker ant zombies
  7 gnolls
  11 adders
  2 shadow imps
  An ooze (D:1)
  11 adder zombies
  3 adder skeletons
  4 worms
  5 dart slugs
  3 leopard geckos
  36 orcs
  A ball python (D:2)
  10 giant cockroaches
  8 goblins
  6 hobgoblins
  15 jackals
  6 kobolds
  3 quokkas
  6 bats
  6 frilled lizards
  2 giant cockroach zombies (Ossuary)
  A goblin zombie (D:4)
  A hobgoblin zombie (D:4)
  A jackal skeleton (D:5)
  A jackal zombie (Ossuary)
  A leopard gecko zombie (Ossuary)
  A quokka skeleton (D:4)
  A quokka zombie (Ossuary)
  8 rats
260 creatures vanquished.

Vanquished Creatures (others)
  2 withered plants (Ossuary)
2 creatures vanquished.

Grand Total: 262 creatures vanquished

Notes
Turn   | Place    | Note
-------+----------+-------------------------------------------
     0 | D:1      | loralnil the Gargoyle Fighter began the quest for the Orb.
     0 | D:1      | Reached XP level 1. HP: 14/14 MP: 1/1
   104 | D:1      | Reached XP level 2. HP: 18/19 MP: 2/2
   342 | D:1      | Reached XP level 3. HP: 23/23 MP: 3/3
   789 | D:2      | Reached XP level 4. HP: 25/29 MP: 4/4
  1095 | D:2      | Noticed Jessica
  1120 | D:2      | Killed Jessica
  1196 | D:2      | Reached XP level 5. HP: 31/33 MP: 5/5
  2050 | D:3      | Reached XP level 6. HP: 38/39 MP: 6/6
  2187 | D:3      | Found a white marble altar of Elyvilon.
  2233 | D:3      | Noticed Tovarisch's ghost (amateur CeHu)
  2258 | D:3      | Killed Tovarisch's ghost
  2258 | D:3      | Reached skill level 5 in Fighting
  2258 | D:3      | Reached skill level 5 in Armour
  2258 | D:3      | Reached skill level 5 in Shields
  2302 | D:3      | Reached XP level 7. HP: 29/44 MP: 7/7
  2704 | D:4      | Found a sand-covered staircase.
  2713 | Ossuary  | Entered an ossuary
  2922 | Ossuary  | Reached XP level 8. HP: 40/51 MP: 6/8
  3290 | D:4      | Reached skill level 5 in Maces & Flails
  3974 | D:5      | Entered Level 5 of the Dungeon
  4324 | D:5      | Found a staircase to the Ecumenical Temple.
  4332 | Temple   | Entered the Ecumenical Temple
  4437 | Temple   | Became a worshipper of the Shining One
  4810 | D:5      | Reached XP level 9. HP: 45/56 MP: 9/9
  5266 | D:6      | Reached * piety under the Shining One
  5365 | D:6      | Found a stormy altar of Qazlal.
  5714 | D:6      | Noticed a two-headed ogre
  5724 | D:6      | Killed a two-headed ogre
  6220 | D:7      | Reached XP level 10. HP: 42/64 MP: 7/10
  6333 | D:7      | You fall through a shaft for 3 floors!
  6333 | D:10     | Entered Level 10 of the Dungeon
  6338 | D:10     | Noticed an unseen horror
  6350 | D:10     | Killed an unseen horror
  6927 | D:7      | Reached ** piety under the Shining One
  7262 | D:8      | Found Tarem's Food Shoppe.
  7405 | D:8      | Found a staircase to the Lair.
  7999 | D:9      | Noticed a two-headed ogre
  8006 | D:9      | Killed a two-headed ogre
  8185 | D:9      | Found a shimmering altar of Xom.
  8279 | D:9      | Noticed a two-headed ogre
  8284 | D:9      | Noticed a two-headed ogre
  8287 | D:9      | HP: 2/66 [efreet/scimitar of flaming (2)]
  8292 | D:9      | HP: 2/66 [efreet/fireball (21)]
  8294 | D:9      | The Shining One protects you from harm!
  8305 | D:9      | Killed from afar by an efreet

Skill      XL: |  1  2  3  4  5  6  7  8  9 10 |
---------------+-------------------------------+-----
Armour         | 4 5 6 8 9 |  9.5
Fighting       | 4 5 6 8 9 |  9.5
Shields        | 4 5 6 8 9 |  9.4
Maces & Flails | 3 4 5 7 8 |  8.4

Action                   |  1- 3 |  4- 6 |  7- 9 | 10-12 || total
-------------------------+-------+-------+-------+-------++-------
Melee: Flail             |   106 |   201 |   531 |   208 ||  1046
  Use: Scroll            |     4 |     3 |     5 |     2 ||    14
       Potion            |       |       |     1 |     5 ||     6
  Eat: Chunk             |       |     5 |    10 |     7 ||    22
       Ration            |       |       |     1 |       ||     1
Armor: Scale mail        |    78 |    95 |   170 |       ||   343
       Chain mail        |       |       |   112 |     4 ||   116
       Ring mail         |       |       |       |    64 ||    64
Dodge: Dodged            |    41 |    74 |   128 |    59 ||   302
Block: Shield            |    70 |   105 |   307 |    99 ||   581
